 Dungeon Crawl Stone Soup version 0.30.1-9-gdf580d7c3d (webtiles) character file.

Game seed: 9075390010624306795

26 Peloso the Covered (level 2, -2/27 HPs)
             Began as a Minotaur Fighter on Oct 5, 2023.
             Slain by a gnoll
             ... wielding a +0 flail
              (3 damage)
             ... on level 1 of the Dungeon.
             The game lasted 00:01:00 (571 turns).

Peloso the Covered (Minotaur Fighter)                Turns: 571, Time: 00:01:01

Health: -2/27      AC:  8    Str: 20    XL:     2   Next: 89%
Magic:  1/1        EV:  9    Int:  5    God:
Gold:   38         SH:  4    Dex:  9    Spells: 1/1 levels left

rFire   . . .        a - +0 long sword
rCold   . . .        d - +0 buckler
rNeg    . . .        b - +0 scale mail
rPois   .            (helmet restricted)
rElec   .            c - +0 cloak
rCorr   .            (no gloves)
SInv    .            (no boots)
Will    .....        (no amulet) Stlth
                     (no ring)
HPRegen 0.24/turn    (no ring)
MPRegen 0.07/turn

%: no passive effects
@: no status effects
A: horns 2, retaliatory headbutt
a: no special abilities


You were on level 1 of the Dungeon.
You visited 1 branch of the dungeon, and saw 2 of its levels.

You collected 38 gold pieces.

Inventory:

Hand Weapons
 a - a +0 long sword (weapon)
Armour
 b - a +0 scale mail (worn)
 c - a +0 cloak (worn)
 d - a +0 buckler (worn)
Scrolls
 e - a scroll of silence {unknown}
 h - a scroll of immolation {unknown}
Potions
 f - a potion of might


   Skills:
 + Level 4.0 Fighting
 + Level 2.6 Long Blades
 + Level 4.1 Armour
 + Level 4.0 Shields


You had one spell level left.
You didn't know any spells.
Your spell library was empty.

Dungeon Overview and Level Annotations

Branches:
Dungeon (2/15)

Altars:


Innate Abilities, Weirdness & Mutations

You have a pair of horns on your head.
You reflexively headbutt those who attack you in melee.


Message History

There is a stone staircase leading down here.
Unknown command.
You barely miss the gnoll. The gnoll closely misses you.
You block the gnoll's attack.
You closely miss the gnoll. You headbutt the gnoll!
The gnoll is heavily wounded.
You block the gnoll's attack. x2
You hit the gnoll but do no damage.
The gnoll is heavily wounded.
You start to feel less resistant.
The gnoll barely misses you. The gnoll hits you with a +0 flail!
You hit the gnoll.
The gnoll is almost dead.
The gnoll hits you with a +0 club. You block the gnoll's attack.
The gnoll hits you with a +0 club. You block the gnoll's attack.
You hit the gnoll but do no damage.
You headbutt the gnoll, but do no damage.
The gnoll is almost dead.
The gnoll hits you but does no damage. The gnoll closely misses you.
You closely miss the gnoll.
The gnoll is almost dead.
Your resistance to elements expires.
The gnoll barely misses you. You furiously retaliate!
You headbutt the gnoll!
You kill the gnoll!
The gnoll hits you but does no damage.
Your Fighting skill increases to level 4!
You see here a +0 club.
You closely miss the gnoll. The gnoll hits you with a +0 flail.
* * * LOW HITPOINT WARNING * * *
The gnoll hits you but does no damage.
You closely miss the gnoll. Your headbutt misses the gnoll.
The gnoll hits you with a +0 flail.
* * * LOW HITPOINT WARNING * * *
You hit the gnoll.
The gnoll is lightly wounded.
You block the gnoll's attack.
You hit the gnoll but do no damage. Your headbutt misses the gnoll.
The gnoll is lightly wounded.
The gnoll hits you with a +0 flail.
You die...

.....###...#...# #...#
≈....#(..#)).#.# ##.##
.......###...#.### #.#
#.§.##...#.#.....# #.#
########...#.#.#.# #.#
#.....#.#.# #.# #######.#>#
#.# #.#g# #.# ########
#.#@###### #.# .......##
#........# #.#
###.###.########......#####.#
###.# #....................>#
..#.###.####.####.....#######
#.#....## #.# #.....#
#.#.#.######.# ###.###
#............######.##
###.#................#


You could see a gnoll.

Vanquished Creatures
  A gnoll (D:1)
  A bat (D:1)
  An endoplasm (D:1)
  4 giant cockroaches (D:1)
  2 goblins (D:1)
  2 jackals (D:1)
  A quokka (D:1)
  A frilled lizard (D:1)
  A kobold (D:1)
14 creatures vanquished.

Notes
Turn   | Place    | Note
-------+----------+-------------------------------------------
     0 | D:1      | Peloso the Minotaur Fighter began the quest for the Orb.
     0 | D:1      | Reached XP level 1. HP: 19/19 MP: 0/0
   135 | D:1      | Reached XP level 2. HP: 26/27 MP: 1/1
   569 | D:1      | HP: 1/27 [gnoll/+0 flail (6)]
   571 | D:1      | Slain by a gnoll

Illustrated notes

Levels and vault maps discovered:
D:1:      onia_arrival_pentagram, layout_loops_ring, minmay_pentomino_t2
D:2:      layout_loops_cross, uniq_sigmund

Skill      XL: |  1  2 |
---------------+-------+-----
Armour         | 4 |  4.1
Shields        | 4 |  4.0
Fighting       | 4 |  4.0
Long Blades    | |  2.6

Action                     || total
---------------------------++-------
  Melee: Long sword        ||    30
         Headbutt          ||     7
    Use: Potion            ||     2
 Armour: Scale mail        ||    13
  Dodge: Dodged            ||    12
  Block: Buckler           ||    10
